Map: [ESL] Data-C

Players

HydraulixxD

  • Race: Terran Terran
  • Spawn Location: 9:00

NightPhoenix - Winner!

  • Race: Protoss Protoss
  • Spawn Location: 3:00

Event: DreamHack SC2 Masters 2022 Valencia

VOD

Have the link to the VOD?

Description

Time

  • Played on: July 1, 2022, 5:32 a.m.
  • Length: 4:05

All games in this series

Show
View Real Time Build Order
Export as new Build Order

HydraulixxD Terran 

Build Orders: Reaper Expand 

Get SALT Encoding   

  12  0:00  SCV  
  13  0:12  SCV  
  14  0:17  Supply Depot  
  14  0:39  SCV  
  14  0:41  Barracks  
  15  0:46  Refinery  
  15  0:52  SCV  
  16  1:04  SCV  
  17  1:16  SCV  
  18  1:28  SCV  
  18  1:30  Reaper  
  20  1:47  Command Center  
  20  1:58  Orbital Command  
  20  2:02  Marine  
  20  2:03  Refinery  
  21  2:17  Factory  
  21  2:20  Supply Depot  
  21  2:31  SCV  
  21  2:34  Barracks Reactor  
  21  3:00  Orbital Command  
  21  3:02  Starport  
  21  3:03  Factory Tech Lab  
  21  3:07  SCV  
  21  3:12  Marine  
  23  3:14  Marine  
  24  3:30  Marine  
  24  3:32  Marine  
  23  3:36  Orbital Command  
  23  3:41  SCV  
Show
View Real Time Build Order
Export as new Build Order

NightPhoenix Protoss - Winner!

Build Orders: 1 Gate Expand, Oracle Opening 

Get SALT Encoding   

  12  0:00  Probe  
  13  0:12  Probe  
  14  0:17  Pylon  
  14  0:24  Probe (Chrono Boost)  
  15  0:36  Gateway  
  15  0:37  Probe (Chrono Boost)  
  16  0:43  Probe (Chrono Boost)  
  16  0:45  Assimilator  
  17  0:51  Probe  
  18  1:03  Probe  
  19  1:16  Probe  
  20  1:23  Nexus  
  20  1:33  Cybernetics Core  
  20  1:38  Probe  
  21  1:43  Assimilator  
  21  1:50  Probe  
  21  1:53  Pylon  
  22  2:02  Probe  
  23  2:08  Adept (Chrono Boost)  
  23  2:14  Probe  
  25  2:17  Stargate  
  25  2:23  Warp Gate  
  25  2:26  Probe  
  25  2:28  Adept (Chrono Boost)  
  26  2:35  Probe  
  29  2:48  Adept (Chrono Boost), Probe x2  
  33  3:00  Oracle, Probe x2  
  38  3:05  Pylon  
  38  3:11  Adept  
  40  3:14  Probe  
  40  3:16  Probe  
  42  3:35  Probe x2  
  44  3:46  Gateway  
  44  3:47  Probe x2  
  46  3:49  Gateway  
  46  3:50  Robotics Facility  
  46  3:51  Assimilator  
  46  3:53  Assimilator  

Tags
 
Add a new tag
Caveats
  • Supply blocks, unpowered buildings, or Contaminate may cause inaccurate times.
  • Supply counts are checked every 10 seconds.